Map: Prion Terraces

Players

Wardí

  • Race: Terran Terran
  • League: Master

Zervas - Winner!

  • Race: Zerg Zerg
  • League: Master

Event: DreamHack ZOWIE Open Leipzig

VOD

Have the link to the VOD?

Description

Time

  • Played on: Jan. 22, 2016, 8:25 a.m.
  • Length: 3:48

All games in this series

Show
View Real Time Build Order
Export as new Build Order

Wardí Terran 

Build Orders:  

Get SALT Encoding   

  12  0:00  SCV  
  13  0:12  SCV  
  14  0:17  Supply Depot  
  14  0:26  SCV  
  15  0:39  SCV  
  16  0:42  Barracks  
  16  0:51  Refinery  
  16  0:55  SCV  
  17  1:01  Barracks  
  17  1:08  SCV  
  18  1:20  Barracks  
  18  1:23  SCV  
  19  1:31  Refinery  
  19  1:34  Reaper  
  20  1:45  Supply Depot  
  20  1:51  Reaper  
  21  1:59  Orbital Command  
  22  2:08  Reaper  
  22  2:13  Reaper  
  23  2:21  Supply Depot  
  23  2:23  Reaper  
  24  2:38  SCV  
  24  2:40  Reaper  
  26  2:48  Reaper  
  27  3:03  Reaper  
  27  3:04  SCV  
  29  3:12  Reaper  
  29  3:30  SCV  
  30  3:40  Command Center  
Show
View Real Time Build Order
Export as new Build Order

Zervas Zerg - Winner!

Build Orders: Hatch First 

Get SALT Encoding   

  12  0:00  Drone  
  13  0:12  Overlord  
  13  0:17  Drone  
  14  0:30  Drone x2  
  14  0:34  Drone  
  17  0:52  Hatchery  
  17  0:55  Drone  
  17  0:57  Drone  
  18  1:10  Extractor  
  17  1:13  Spawning Pool  
  17  1:15  Drone  
  17  1:20  Drone  
  18  1:28  Drone  
  19  1:39  Overlord  
  19  1:50  Drone  
  20  2:00  Queen  
  22  2:01  Zergling x2  
  22  2:04  Queen  
  22  2:05  Zergling x2  
  26  2:13  Metabolic Boost  
  26  2:16  Zergling x2  
  26  2:20  Drone  
  28  2:25  Drone  
  28  2:28  Drone  
  29  2:37  Drone, Overlord  
  29  2:43  Roach Warren  
  29  2:46  Queen  
  29  2:50  Zergling x2  
  32  2:52  Zergling x2  
  33  3:03  Zergling x4  
  33  3:08  Zergling x2  
  33  3:11  Overlord  
  31  3:13  Zergling x6  
  31  3:19  Zergling x6  
  36  3:20  Zergling x2  

Tags
 
Add a new tag
Caveats
  • Supply blocks, unpowered buildings, or Contaminate may cause inaccurate times.
  • Supply counts are checked every 10 seconds.